 Dungeon Crawl Stone Soup version 0.29-a0-1016-g236c7fd91e (webtiles) character file.

Game seed: 12602574482953243236

123 nickcage the Conjurer (level 4, 0/33 HPs)
             Began as a Draconian Conjurer on Aug 9, 2022.
             Succumbed to a scorpion's poison
             ... on level 4 of the Dungeon.
             The game lasted 00:05:23 (2916 turns).

nickcage the Conjurer (Draconian Conjurer)          Turns: 2916, Time: 00:05:24

Health: 0/33       AC:  5    Str:  8 (9)  XL:     4   Next: 79%
Magic:  1/8        EV: 11    Int: 19 (20) God:
Gold:   151        SH:  0    Dex:  7 (10) Spells: 5/8 levels left

rFire   . . .      SeeInvis .   h - +3 dagger
rCold   . . .      Faith    .   (no shield)
rNeg    . . .      Spirit   .   (body armour unavailable)
rPois   .          Reflect  .   (helmet restricted)
rElec   .          Harm     .   (no cloak)
rCorr   .          Rampage  .   (no gloves)
Will    .....                   (no boots)
Stlth   +.........              (no amulet)
HPRegen 0.11/turn               (no ring)
MPRegen 0.11/turn               (no ring)

@: mighty, lethally poisoned (0 -> -4)
A: AC +5, unfitting armour, cold-blooded
a: no special abilities


You were on level 4 of the Dungeon.
You visited 1 branch of the dungeon, and saw 4 of its levels.

You collected 151 gold pieces.

Inventory:

Hand Weapons
 d - a +0 dagger
 h - a +3 dagger (weapon)
Scrolls
 e - 2 scrolls of identify
 f - a scroll of magic mapping
 g - a scroll of blinking
Potions
 a - a potion of magic
 b - a potion of flight
 c - 2 potions of might


   Skills:
 + Level 0.2 Short Blades
 - Level 1.7 Dodging
 - Level 1.7 Stealth
 + Level 2.7 Spellcasting
 + Level 5.8 Conjurations


You had 5 spell levels left.
You knew the following spells:

 Your Spells              Type           Power      Damage    Failure   Level
a - Magic Dart            Conj           96%        1d7       1%          1
b - Searing Ray           Conj           48%        2d6       2%          2

Your spell library contained the following spells:

 Spells                   Type           Power      Damage    Failure   Level
 Foxfire                  Conj/Fire      52%        2x1d6     4%          1
 Conjure Flame            Conj/Fire      13%        6-21      14%         3
 Dazzling Flash           Conj/Hex       26%        N/A       14%         3
 Inner Flame              Hex/Fire       2%         N/A       43%         3
 Flame Wave               Conj/Fire      13%        2d6       43%         4
 Fulminant Prism          Conj/Hex       6%         3d7       43%         4
 Iskenderun's Mystic Bla  Conj/Tloc      13%        2d5       43%         4


Dungeon Overview and Level Annotations

Branches:
Dungeon (4/15)
 Temple: D:4-7

Altars:
Gozag


Innate Abilities, Weirdness & Mutations

Your plain brown scales are hard. (AC +5)
You cannot fit into any form of body armour.
You are cold-blooded and may be slowed by cold attacks.


Message History

You feel very sick.
The scorpion stings you but does no damage.
It was a potion of might.
You feel very mighty all of a sudden.
* * * LOW HITPOINT WARNING * * *
You feel very sick. The scorpion closely misses you.
It was a potion of heal wounds.
You feel much better.
You feel sick. The scorpion barely misses you. The scorpion stings you.
You are more poisoned.
The scorpion poisons you!
It was a potion of degeneration.
There was something very wrong with that liquid.
You feel weakened.
You feel dopey.
You feel clumsy.
You feel very sick. The scorpion stings you.
The magic dart hits the scorpion but does no damage.
The scorpion is severely wounded.
You feel very sick. The scorpion closely misses you.
You closely miss the scorpion.
The scorpion is severely wounded.
You feel very sick. The scorpion barely misses you.
You hit the scorpion.
The scorpion is almost dead.
You feel sick. The scorpion stings you.
* * * LOW HITPOINT WARNING * * *
You puncture the scorpion!
You kill the scorpion!
* * * LOW HITPOINT WARNING * * *
You feel sick.
You feel your strength returning.
You feel your intelligence returning.
You have reached level 4!
You feel agile.
* * * LOW HITPOINT WARNING * * *
You feel sick.
You see here a scorpion corpse.
* * * LOW HITPOINT WARNING * * *
You feel sick.
You die...

##########.
#..........
#.........
...$...
#...#
#######...#
#....@†..[#
#.#######.##
#.......#
#.####..#
#..#
#.####..#
#.....###
#####..<#
#...#


There were no monsters in sight!

Vanquished Creatures
  A scorpion (D:4)
  An adder (D:2)
  A worm (D:4)
  2 orcs (D:3)
  5 endoplasms
  3 giant cockroaches (D:2)
  5 goblins
  3 hobgoblins
  6 jackals
  A ball python (D:1)
  5 bats
  5 frilled lizards
  3 kobolds (D:2)
  3 rats
44 creatures vanquished.

Notes
Turn   | Place    | Note
-------+----------+-------------------------------------------
     0 | D:1      | nickcage the Draconian Conjurer began the quest for the
                  | Orb.
     0 | D:1      | Reached XP level 1. HP: 14/14 MP: 3/3
   611 | D:1      | Reached XP level 2. HP: 20/20 MP: 3/5
   646 | D:1      | Learned a level 2 spell: Searing Ray
   734 | D:1      | Found a faded altar of an unknown god.
  1440 | D:2      | Reached XP level 3. HP: 26/26 MP: 4/6
  1557 | D:2      | Reached skill level 5 in Conjurations
  1854 | D:3      | Found an opulent altar of Gozag.
  2897 | D:4      | Noticed a scorpion
  2907 | D:4      | HP: 1/26 [poisoned by a scorpion]
  2913 | D:4      | Killed a scorpion
  2914 | D:4      | Reached XP level 4. HP: 3/33 MP: 1/8
  2915 | D:4      | HP: 1/33 [poisoned by a scorpion]
  2916 | D:4      | Succumbed to a scorpion's poison

Illustrated notes

Levels and vault maps discovered:
D:1:      lightli_arrival_windingriver, layout_basic,
          shapermc_ecumenical_altar_mp_highgroup
D:2:      layout_basic
D:3:      layout_basic, mainiacjoe_overflow_concentric_impassable,
          minmay_hedge_maze, nrook_campfire, minivault_14, serial_bayou_crossing
D:4:      layout_basic, minmay_misc_feat_square, dreamdust_mushroom_princess,
          kennysheep_cross_room, chequers_serial_rivers_small_3

Skill      XL: |  1  2  3 |
---------------+----------+-----
Conjurations   | 5 |  5.8
Short Blades   | |  0.2
Dodging        | |  1.7
Stealth        | |  1.7
Spellcasting   | |  2.7

Action                   |  1- 3 |  4- 6 || total
-------------------------+-------+-------++-------
Melee: Unarmed           |    16 |       ||    16
       Tailslap          |     2 |       ||     2
       Punch             |     1 |       ||     1
       Dagger            |    11 |       ||    11
 Cast: Magic Dart        |    65 |       ||    65
       Searing Ray       |     2 |       ||     2
  Use: Scroll            |     3 |       ||     3
       Potion            |     3 |       ||     3
Armor: Skin              |    17 |       ||    17
Dodge: Dodged            |    34 |       ||    34

Table legend: (Time is in decaauts)
 A = Elapsed time spent in this place.
 B = Non-inter-level travel time spent in this place.
 C = Inter-level travel time spent in this place.
 D = Time resting spent in this place.
 E = Time spent auto-exploring this place.
 F = Levels seen in this place.
 G = Mean time per level.
                   A        B        C        D        E       F      G
               +--------+--------+--------+--------+--------+-----+--------+
         Total |   2928 |   2843 |     85 |      0 |   2628 |   4 |  732.0 |
       Dungeon |   2928 |   2843 |     85 |      0 |   2628 |   4 |  732.0 |
               +--------+--------+--------+--------+--------+-----+--------+

Top non-repeatable levels by time:
     D:3: 1071 daAuts
     D:1: 1049 daAuts
     D:2: 780 daAuts
     D:4: 27 daAuts
